 Dungeon Crawl Stone Soup version 0.30-a0-600-gb7c8574cbb (webtiles) character file.

Game seed: 12229142735406465020

252 BlackLaughter the Covered (level 6, -9/57 HPs)
             Began as a Gargoyle Fighter on Jan 7, 2023.
             Killed by an exploding quasit (23 damage)
             ... ignited by their inner flame
             ... on level 3 of the Dungeon.
             The game lasted 00:14:51 (2786 turns).

BlackLaughter the Covered (Gargoyle Fighter)        Turns: 2786, Time: 00:14:51

Health: -9/57      AC: 23    Str: 20    XL:     6   Next: 13%
Magic:  6/6        EV:  2    Int:  8    God:
Gold:   155        SH: 14    Dex: 14    Spells: 5/5 levels left

rFire   . . .      SeeInvis .    i - +10 morningstar "Eos" {elec, Halo rElec}
rCold   . . .      Faith    +    h - +1 tower shield of the Marlin {Dex+3}
rNeg    + . .      Spirit   .    (body armour currently unavailable)
rPois   ∞          Reflect  .    (helmet currently unavailable)
rElec   +          Harm     .    (cloak currently unavailable)
rCorr   .          Rampage  .    (gloves currently unavailable)
Will    .....      NoTele   +    (boots currently unavailable)
Stlth   +                        j - amulet of faith
HPRegen 0.29/turn                (no ring)
MPRegen 0.10/turn                (no ring)

@: mighty, tree-form, glowing
A: stationary, stasis, torment immunity, boosted hp, sickness immunity, AC +4,
negative energy resistance 1, (electricity resistance), torment resistance 1,
petrification resistance
a: no special abilities


You were on level 3 of the Dungeon.
You were a tree.
You visited 1 branch of the dungeon, and saw 3 of its levels.

You collected 155 gold pieces.

Inventory:

Hand Weapons
 a - a +0 flail
 i - the +10 morningstar "Eos" (weapon) {elec, Halo rElec}
   (You acquired it on level 2 of the Dungeon)

   It grants its wielder a halo, revealing invisible creatures and increasing
   accuracy against all within it other than the wielder.
   rElec:     It insulates you from electricity.
 r - a +0 morningstar of venom
Armour
 b - a +0 scale mail (melded)
 c - a +0 buckler
 f - a +1 helmet (melded)
 h - the +1 tower shield of the Marlin (worn) {Dex+3}
   (You acquired it on level 2 of the Dungeon)

   Dex:       It affects your dexterity (+3).
 q - a scarf of harm (melded)
Jewellery
 j - an amulet of faith (around neck)
Scrolls
 l - a scroll of poison
 n - a scroll of enchant armour
Potions
 g - a potion of ambrosia
 k - a potion of attraction
 m - a potion of mutation


   Skills:
 + Level 4.0 Fighting
 + Level 4.3 Maces & Flails
 + Level 4.5 Armour
 + Level 1.0 Dodging
 + Level 4.0 Shields


You had 5 spell levels left.
You didn't know any spells.
Your spell library contained the following spells:

 Spells                   Type           Power      Damage    Failure   Level
 Gell's Gravitas          Tloc           0%         N/A       100%        3
 Lesser Beckoning         Tloc           0%         N/A       100%        3
 Teleport Other           Tloc           0%         N/A       100%        3


Dungeon Overview and Level Annotations

Branches:
Dungeon (3/15)

Altars:
Wu Jian

Annotations:
D:3 1 transporter


Innate Abilities, Weirdness & Mutations

You are a tree.
Your roots penetrate the ground, keeping you stationary.
You cannot be teleported.
You are immune to unholy pain and torment.
Your maximum health is greatly increased.
Your equipment is partially melded.
You are immune to sickness and miasma.
((Your stone body is resilient. (AC +4)))
You are immune to poison.
You resist negative energy. (rN+)
((You are resistant to electric shocks. (rElec)))
You are resistant to unholy torment.
You are immune to petrification.


Message History

The quasit bites you but does no damage.
The quasit barely misses you.
The quasit claws you but does no damage.
The quasit barely misses you.
The quasit claws you but does no damage. x2
You sock flt's ghost!
Flt's ghost explodes!
The fiery explosion engulfs you.
The quasit bites you but does no damage.
The quasit claws you but does no damage.
You block the quasit's attack.
The quasit bites you but does no damage.
The quasit claws you but does no damage.
You block the quasit's attack.
The quasit bites you but does no damage.
The quasit claws you but does no damage.
You block the quasit's attack.
The quasit bites you but does no damage.
The quasit claws you but does no damage. x2
The quasit barely misses you.
The quasit claws you but does no damage. x2
The quasit bites you but does no damage.
The quasit claws you but does no damage. x2
You feel your dexterity returning.
Your Fighting skill increases to level 4!
Your Maces & Flails skill increases to level 4!
Your Dodging skill increases to level 1!
Your Shields skill increases to level 4!
You have reached level 6!
You bludgeon the quasit!! Lightning courses through the quasit!
The quasit explodes!
The fiery explosion engulfs the quasit!
The quasit resists.
The fiery explosion engulfs the quasit!
The quasit resists.
The fiery explosion engulfs you!!
The quasit explodes!
The fiery explosion engulfs you!
* * * LOW HITPOINT WARNING * * *
The quasit explodes!
The fiery explosion engulfs you!!
You die...

.............###.....###
............##.#####...##########
............#......##............
...........##..#....##...........
#..........# #...#..5#...≈≈≈≈≈≈≈≈
##.........# .#.##..##...≈.......
.##........##.#§§.#.#©...≈.≈.≈≈≈.
.##..#####..#$#§§§..##...≈.≈..§§.
......###..©#!§§♣# #...≈.§._§§.
......#.....#.§#§.§# #...≈.≈§§§≈§
.........#.##...§§#.##...≈.≈§≈≈≈§
#..........#..#.#...#....≈...§§..
.......###)# #.#...#.##.≈≈≈≈≈§≈≈
..#.#.....)## .....©#.#.....)....
.....#......###...###.....#######
..............#####.......# ##
.###....................#.### #.


There were no monsters in sight!

Vanquished Creatures
  The ghost of flt the Insei, an amateur DgTm (D:3)
  3 quasits (D:3)
  4 gnolls (D:3)
  3 adders
  A white imp (D:3)
  A worm (D:2)
  7 ball pythons
  4 bats
  4 endoplasms
  A giant cockroach (D:1)
  5 hobgoblins
  3 jackals (D:2)
  4 quokkas
  3 goblins
  3 kobolds
  3 rats (D:1)
50 creatures vanquished.

Notes
Turn   | Place    | Note
-------+----------+-------------------------------------------
     0 | D:1      | BlackLaughter the Gargoyle Fighter began the quest for the
                  | Orb.
     0 | D:1      | Reached XP level 1. HP: 14/14 MP: 1/1
   168 | D:1      | Reached XP level 2. HP: 19/19 MP: 2/2
   977 | D:2      | Reached XP level 3. HP: 24/24 MP: 3/3
   977 | D:2      | Found a faded altar of an unknown god.
  2082 | D:2      | Identified 3 scrolls of acquirement
  2082 | D:2      | Acquired a +3 great mace of draining
  2083 | D:2      | Acquired the +1 tower shield of the Marlin {Dex+3}
  2245 | D:2      | Acquired the +10 morningstar "Eos" {elec, Halo rElec}
  2245 | D:2      | Found the +10 morningstar "Eos" {elec, Halo rElec}
  2255 | D:3      | Found a transporter.
  2263 | D:3      | Reached XP level 4. HP: 29/29 MP: 4/4
  2267 | D:3      | Noticed flt's ghost (amateur DgTm)
  2296 | D:3      | Found an ornate altar of the Wu Jian Council.
  2307 | D:3      | Found a transporter.
  2620 | D:3      | Reached XP level 5. HP: 33/33 MP: 5/5
  2785 | D:3      | Killed flt's ghost
  2786 | D:3      | Reached skill level 1 in Dodging
  2786 | D:3      | Reached XP level 6. HP: 38/38 MP: 6/6
  2786 | D:3      | Killed by an exploding quasit... ignited by their inner
                  | flame

Illustrated notes

Levels and vault maps discovered:
D:1:      ncdulo_watergridlock, layout_basic
D:2:      layout_basic, shapermc_ecumenical_altar_mp_highgroup
D:3:      layout_rooms, mainiacjoe_overflow_concentric_impassable,
          gammafunk_ghost_stat_death

Skill      XL: |  1  2  3  4  5 |
---------------+----------------+-----
Maces & Flails | 3 4 |  4.3
Armour         | 4 |  4.5
Fighting       | 4 |  4.0
Dodging        | 1 |  1.0
Shields        | 4 |  4.0

Action                   |  1- 3 |  4- 6 || total
-------------------------+-------+-------++-------
Melee: Flail             |    80 |       ||    80
       Morningstar       |     2 |    17 ||    19
  Use: Scroll            |    12 |     4 ||    16
       Potion            |       |     2 ||     2
Armor: Scale mail        |    32 |    10 ||    42
       Skin              |       |    41 ||    41
Dodge: Dodged            |    35 |    11 ||    46
Block: Buckler           |    13 |       ||    13
       Tower shield      |       |    26 ||    26

Table legend: (Time is in decaauts)
 A = Elapsed time spent in this place.
 B = Non-inter-level travel time spent in this place.
 C = Inter-level travel time spent in this place.
 D = Time resting spent in this place.
 E = Time spent auto-exploring this place.
 F = Levels seen in this place.
 G = Mean time per level.
                   A        B        C        D        E       F      G
               +--------+--------+--------+--------+--------+-----+--------+
         Total |   2824 |   2499 |    325 |    276 |   1793 |   3 |  941.3 |
       Dungeon |   2824 |   2499 |    325 |    276 |   1793 |   3 |  941.3 |
               +--------+--------+--------+--------+--------+-----+--------+

Top non-repeatable levels by time:
     D:2: 1317 daAuts
     D:1: 956 daAuts
     D:3: 551 daAuts
